[Event "CAT-chT Honor Division 2019"]
[Site "Catalonia"]
[Date "2019.03.30"]
[Round "11.8"]
[White "Bofill Mas, Alejandro"]
[Black "Perez Manas, Benjamin"]
[Result "1-0"]
[ECO "A26"]
[WhiteElo "2324"]
[BlackElo "2303"]
[Annotator "ChessBase"]
[PlyCount "99"]
[EventDate "2019.01.16"]
[EventType "team-tourn"]
[EventCountry "ESP"]
[SourceTitle "playchess.com"]
[Source "ChessBase"]
[SourceQuality "1"]
[WhiteTeam "Colon Sabadell Chessy"]
[BlackTeam "CE Barbera"]
[TimeControl "5400+30"]

1. c4 f5 2. g3 Nf6 3. Bg2 g6 4. Nc3 d6 5. d3 Bg7 6. e4 O-O 7. Nge2 Nc6 8. O-O e5 9. Nd5 Be6 10. Bg5 Qd7 11. Qd2 Nh5 12. exf5 Bxf5 13. Rad1 Rf7 14. b4 Bh3 15. b5 Nd8 16. d4 Bxg2 17. Kxg2 c6 18. Ndc3 exd4 19. Nxd4 Ne6 20. Be3 Bxd4 21. Bxd4 Nxd4 22. Qxd4 Rf4 23. bxc6 Qxc6+ 24. Qd5+ Qxd5+ 25. Nxd5 Rxc4 26. Rd2 Re8 27. Rfd1 Kf7 28. Rd3 Rc6 29. Rf3+ Kg7 30. g4 Re5 31. gxh5 Rxh5 32. Rb3 Rg5+ 33. Kf1 b6 34. Ra3 a5 35. Ne3 Rh5 36. Kg2 Rg5+ 37. Kf3 Rh5 38. Kg3 Rg5+ 39. Kf4 Rh5 40. h3 Rb5 41. Rad3 Rb2 42. R1d2 Rxd2 43. Rxd2 Kf6 44. a4 Ke6 45. Ke4 Rc3 46. Nd5 Ra3 47. Rd4 Rb3 48. h4 Kd7 49. Rc4 Ke6 50. Rc7 1-0

[Event "CAT-chT Honor Division 2019"]
[Site "Catalonia"]
[Date "2019.03.30"]
[Round "11.8"]
[White "Vehi Bach, Victor Manuel"]
[Black "Campins Machado, Francesc"]
[Result "1-0"]
[ECO "B40"]
[WhiteElo "2306"]
[BlackElo "2109"]
[Annotator "ChessBase"]
[PlyCount "63"]
[EventDate "2019.01.16"]
[EventType "team-tourn"]
[EventCountry "ESP"]
[SourceTitle "playchess.com"]
[Source "ChessBase"]
[SourceQuality "1"]
[WhiteTeam "EEB"]
[BlackTeam "SJO"]
[TimeControl "5400+30"]

1. e4 c5 2. Nf3 e6 3. d4 cxd4 4. Nxd4 Nf6 5. Nc3 d6 6. Be3 Be7 7. g4 h6 8. Qe2 Nc6 9. O-O-O Bd7 10. h3 g5 11. Ndb5 Qb8 12. Qd2 O-O 13. Be2 Ne8 14. h4 a6 15. Nd4 Qd8 16. hxg5 hxg5 17. Rh3 Ng7 18. f4 gxf4 19. Bxf4 Nxd4 20. Qxd4 e5 21. Bxe5 Bg5+ 22. Kb1 Bxg4 23. Rh8+ Kxh8 24. Bxg7+ Kg8 25. Bxg4 Re8 26. Nd5 Re6 27. Rh1 Bh4 28. Bxe6 fxe6 29. Bf6 Bxf6 30. Nxf6+ Kf7 31. Rh7+ Kg6 32. Qg1+ 1-0

[Event "CAT-chT Honor Division 2019"]
[Site "Catalonia"]
[Date "2019.03.30"]
[Round "11.9"]
[White "Obon Temprano, Sergi"]
[Black "Perpinya Rofes, Lluis Maria"]
[Result "0-1"]
[ECO "D00"]
[WhiteElo "2273"]
[BlackElo "2317"]
[Annotator "ChessBase"]
[PlyCount "104"]
[EventDate "2019.01.16"]
[EventType "team-tourn"]
[EventCountry "ESP"]
[SourceTitle "playchess.com"]
[Source "ChessBase"]
[SourceQuality "1"]
[WhiteTeam "CE Barbera"]
[BlackTeam "Colon Sabadell Chessy"]
[TimeControl "5400+30"]

1. d4 Nf6 2. Nc3 d5 3. Bf4 c5 4. e3 e6 5. Nf3 Be7 6. h3 O-O 7. g4 Qb6 8. Rb1 Nc6 9. Bg2 Qa6 10. Qe2 b6 11. Bf1 Qa5 12. Qb5 Bb7 13. Bd3 Qxb5 14. Bxb5 Rac8 15. O-O cxd4 16. exd4 Nb4 17. Ne1 a6 18. Be2 b5 19. Rd1 Rxc3 20. bxc3 Nxa2 21. Ra1 Nxc3 22. Bd3 Bb4 23. Nf3 a5 24. Nd2 a4 25. Nb1 Rc8 26. f3 Ne8 27. Bd2 Nd6 28. Kf2 f6 29. Nxc3 Bxc3 30. Bxc3 Rxc3 31. Rfb1 Bc6 32. Ke2 e5 33. dxe5 fxe5 34. Kd2 d4 35. Re1 Rc5 36. Ke2 Kf7 37. Kf2 Kf6 38. h4 h6 39. g5+ hxg5 40. hxg5+ Ke6 41. Re2 Nf7 42. f4 Kd6 43. g6 Nh6 44. fxe5+ Rxe5 45. Rxe5 Ng4+ 46. Ke2 Nxe5 47. Rb1 Kc5 48. Rf1 a3 49. Kd2 b4 50. Rf5 Kd6 51. Rf1 Nxd3 52. cxd3 b3 0-1

[Event "CAT-chT Honor Division 2019"]
[Site "Catalonia"]
[Date "2019.03.30"]
[Round "11.9"]
[White "Hapala, Elisabeth"]
[Black "Chueca Forcen, Alberto"]
[Result "0-1"]
[ECO "B03"]
[WhiteElo "2136"]
[BlackElo "2270"]
[Annotator "ChessBase"]
[PlyCount "82"]
[EventDate "2019.01.16"]
[EventType "team-tourn"]
[EventCountry "ESP"]
[SourceTitle "playchess.com"]
[Source "ChessBase"]
[SourceQuality "1"]
[WhiteTeam "SJO"]
[BlackTeam "EEB"]
[TimeControl "5400+30"]

1. e4 Nf6 2. e5 Nd5 3. d4 d6 4. c4 Nb6 5. exd6 exd6 6. h3 Be7 7. Nf3 O-O 8. Be2 Be6 9. d5 Bf5 10. Nc3 N8d7 11. Be3 h6 12. O-O Bf6 13. Rc1 Re8 14. b4 a5 15. a3 axb4 16. axb4 Nc8 17. Qb3 Ne5 18. Nd4 Bd3 19. Bxd3 Nxd3 20. Rcd1 Ne5 21. c5 b6 22. c6 Ne7 23. Ne4 N7g6 24. Nxf6+ Qxf6 25. f4 Nc4 26. Bc1 b5 27. Nxb5 Re2 28. Nd4 Nd2 29. Qd3 Rxg2+ 30. Kxg2 Nxf1 31. Rxf1 Ra2+ 32. Rf2 Nh4+ 33. Kg1 Ra1 34. Ne2 Qb2 35. Rf1 Qxb4 36. Bd2 Qc5+ 37. Be3 Qa5 38. Rxa1 Qxa1+ 39. Bc1 Qa7+ 40. Qe3 Qa5 41. Qd2 Nf3+ 0-1

[Event "CAT-chT Honor Division 2019"]
[Site "Catalonia"]
[Date "2019.03.30"]
[Round "11.10"]
[White "Avila Jimenez, Xavier"]
[Black "Barcelo Sola, David"]
[Result "1-0"]
[ECO "D32"]
[WhiteElo "2159"]
[BlackElo "1991"]
[Annotator "NA"]
[PlyCount "60"]
[EventDate "2019.01.16"]
[EventType "team-tourn"]
[EventCountry "ESP"]
[SourceTitle "playchess.com"]
[Source "ChessBase"]
[SourceQuality "1"]
[WhiteTeam "EEB"]
[BlackTeam "SJO"]
[TimeControl "5400+30"]

1. d4 d5 2. c4 e6 3. Nc3 c5 4. cxd5 cxd4 5. Qa4+ Bd7 6. Qxd4 exd5 7. Qxd5 Nf6 {[%emt 0:02:42] D32: Tarrasch Defence: Sidelines and lines without g3} (7... Nc6 8. Nf3 Nf6 9. Qd1 Bc5 10. Bg5 Qb6 11. e3 Qxb2 12. Bxf6 gxf6 13. Ne4 Bb4+ 14. Ned2 Bg4 15. Qc1 Qxc1+ 16. Rxc1 Bxf3 17. gxf3 O-O-O {0-1 (17) Baron,T (2532)-Gareyev,T (2569) St Petersburg 2018}) 8. Qb3 Nc6 9. e3 Qc7 10. Nf3 O-O-O 11. Bd2 Kb8 12. Rc1 $146 ({Predecessor:} 12. Nb5 Qb6 13. Nbd4 Ne4 14. Nxc6+ Bxc6 15. Bc3 Nxc3 16. bxc3 {1-0 (55) Overbeck,T (2097)-Klink,R (2239) Kassel 2000}) 12... Be6 13. Qa4 a6 14. Be2 Bd6 15. a3 g5 (15... Bd7 $16) 16. Nxg5 Bxh2 17. Nxe6 fxe6 18. Qh4 Be5 19. f4 Bxc3 $2 (19... Rxd2 {was worth a try.} 20. fxe5 (20. Kxd2 Bxc3+ 21. Rxc3 Ne4+ 22. Ke1 Qb6 $14) 20... Rxe2+ 21. Nxe2 Qa5+ 22. b4 Qxe5) 20. Bxc3 Ne4 {[%emt 0:01:15] [#]} 21. Be5 $1 Nxe5 22. Rxc7 Ng6 23. Qxd8+ Rxd8 24. Rhxh7 Nd6 25. Rcd7 Rxd7 26. Rxd7 Ne4 27. Bd3 Nc5 28. Rxb7+ Kxb7 $18 29. Bxg6 Kc6 30. b4 Nb3 1-0